 Dungeon Crawl Stone Soup version 0.29.1-15-g9cfb28693d (webtiles) character file.

Game seed: 448483944946593006

506 leafyfresh the Covert (level 7, -5/50 HPs)
             Began as an Octopode Delver on Apr 19, 2023.
             Slain by a bullfrog (7 damage)
             ... in a sewer.
             The game lasted 00:03:47 (3442 turns).

leafyfresh the Covert (Octopode Delver)             Turns: 3442, Time: 00:03:48

Health: -5/50      AC:  1    Str: 17    XL:     7   Next: 18%
Magic:  7/7        EV: 11    Int: 14    God:
Gold:   49         SH:  0    Dex: 13    Spells: 6/6 levels left

rFire   + . .      SeeInvis .   c - +5 short sword "Jelly's Death Toll" {venom, Contam rF+ rN+ Str+5}
rCold   . . .      Faith    .   (no shield)
rNeg    + . .      Spirit   .   (helmet restricted)
rPois   .          Reflect  .   (no amulet)
rElec   .          Harm     .   (no ring)
rCorr   .          Rampage  .   (no ring)
Will    .....                   (no ring)
Stlth   ++++++....              (no ring)
HPRegen 0.16/turn               (no ring)
MPRegen 0.10/turn               (no ring)
                                (no ring)
                                (no ring)

@: lethally poisoned (-5 -> -8), constricted
A: almost no armour, amphibious, 8 rings, camouflage 1, gelatinous body 1,
nimble swimmer 1, tentacles
a: no special abilities


You were in a sewer.
You visited 1 branch of the dungeon, and saw 3 of its levels.
You also visited: Sewer.

You collected 49 gold pieces.

Inventory:

Hand Weapons
 a - a +0 short sword
 c - the +5 short sword "Jelly's Death Toll" (weapon) {venom, Contam rF+ rN+ Str+5}
   (You found it on level 3 of the Dungeon)

   It poisons the flesh of those it strikes.
   Str:       It affects your strength (+5).
   rF:        It protects you from fire.
   rN:        It protects you from negative energy.
   Contam:    It causes magical contamination when unequipped.
Wands
 f - a wand of digging (3)
Scrolls
 b - a scroll of fog
 g - 3 scrolls of amnesia
 h - a scroll of immolation {unknown}
 i - a scroll of noise {unknown}
 j - 2 scrolls of brand weapon {unknown}
 k - 3 scrolls of identify {unknown}
 n - a scroll of enchant armour {unknown}
 p - a scroll of acquirement {unknown}
 q - a scroll of magic mapping
 r - a scroll of enchant weapon {unknown}
 s - a scroll of summoning {unknown}
Potions
 d - a potion of mutation {unknown}
 e - 2 potions of haste
 l - a potion of brilliance {unknown}
 m - a potion of might {unknown}
 o - a potion of heal wounds {unknown}


   Skills:
 + Level 5.3 Fighting
 - Level 2.0 Short Blades
 + Level 4.8 Dodging
 - Level 8.5 Stealth


You had 6 spell levels left.
You didn't know any spells.
Your spell library contained the following spells:

 Spells                   Type           Power      Damage    Failure   Level
 Scorch                   Fire           0%         2d5       41%         2
 Flame Wave               Conj/Fire      0%         2d4       96%         4
 Blade Hands              Tmut           0%         N/A       100%        5
 Iron Shot                Conj/Erth      0%         9d1       100%        6
 Summon Cactus Giant      Summ           0%         N/A       100%        6
 Animate Armour           Summ/Erth      Unusable   N/A       N/A         4

Dungeon Overview and Level Annotations

Branches:
Dungeon (5/15)              Sewer (1/1)
 Temple: D:4-7

Altars:
Cheibriados
Dithmenos
Fedhas
Hepliaklqana
Okawaru

Shops:
D:4 (:(


Innate Abilities, Weirdness & Mutations

You cannot wear most types of armour.
You are amphibious.
You can wear up to eight rings at the same time.
Your skin changes colour to match your surroundings (Stealth+).
Your rubbery body absorbs attacks. (AC +1, EV +1)
You are camouflaged when in or above water. (Stealth+)
You have tentacles for arms and can constrict up to eight enemies at once.


Message History

You puncture the bullfrog!
The bullfrog looks as sick as possible!
The bullfrog is heavily wounded.
You constrict the bullfrog. The bullfrog completely misses you.
The bullfrog misses you. The ball python barely misses you.
The ball python grabs you. The ball python constricts you.
The bullfrog hits you.
Unknown command.
You hit the bullfrog.
The bullfrog looks as sick as possible!
The bullfrog is almost dead.
You constrict the bullfrog.
You kill the bullfrog!
The bullfrog closely misses you. The ball python bites you.
The ball python completely misses you. The ball python constricts you.
The bullfrog hits you!
* * * LOW HITPOINT WARNING * * *
The adder closely misses you.
You closely miss the bullfrog. You grab the bullfrog. You squeeze the bullfrog.
The bullfrog is lightly wounded.
You constrict the bullfrog. The ball python closely misses you. x2
The ball python constricts you.
* * * LOW HITPOINT WARNING * * *
The bullfrog barely misses you. The adder bites you.
* * * LOW HITPOINT WARNING * * *
The ball python bites you but does no damage.
You completely miss the bullfrog. You squeeze the bullfrog!
The bullfrog is severely wounded.
You constrict the bullfrog. The bullfrog hits you.
* * * LOW HITPOINT WARNING * * *
The ball python barely misses you. The ball python constricts you.
* * * LOW HITPOINT WARNING * * *
The bullfrog closely misses you. The ball python bites you.
* * * LOW HITPOINT WARNING * * *
As you read the scroll labelled VOD JALYSU, it crumbles to dust.
It is a scroll of amnesia.
You feel forgetful for a moment.
You constrict the bullfrog. The adder bites you.
* * * LOW HITPOINT WARNING * * *
You are lethally poisoned!
The adder poisons you! The bullfrog hits you!
You die...

###.#≈≈~~≈≈≈≈≈#~~~≈~#.....#
####################....#
##...# #####... #..'....
#..#.... ####...# #+
##################....#
##...#≈~≈SS@≈≈≈≈≈≈≈≈≈#.....#
#....~~~~JFSS≈≈≈~~≈≈≈~†...##
#.....≈~~~~≈≈≈≈~≈~~~~~.†..#
#....~~~~~~#~≈≈~~~≈~~~....#
#....~~≈~≈≈~..~#~≈≈≈~....##
##...#≈≈≈≈~~≈≈≈≈≈≈≈≈~#.###
#######################


You could see a bullfrog, an adder, an endoplasm and 3 ball pythons.

Vanquished Creatures
  A bullfrog (Sewer)
  A necrophage (D:4)
  A scorpion (D:5)
  3 hounds
  A jelly (D:4)
  An orc wizard (D:4)
  9 adders
  3 river rats (Sewer)
  An ufetubus (D:5)
  2 worms
  2 dart slugs
  5 orcs
  3 endoplasms
  3 giant cockroaches
  2 goblins (D:4)
  2 hobgoblins
  3 jackals (D:4)
  12 ball pythons
  4 frilled lizards (Sewer)
  A kobold (D:4)
  21 rats
81 creatures vanquished.

Vanquished Creatures (others)
  7 plants (D:5)
7 creatures vanquished.

Grand Total: 88 creatures vanquished

Notes
Turn   | Place    | Note
-------+----------+-------------------------------------------
     0 | D:5      | leafyfresh the Octopode Delver began the quest for the Orb.
     0 | D:5      | Reached XP level 1. HP: 16/16 MP: 1/1
    36 | D:5      | Noticed a hound
    44 | D:5      | Killed a hound
    45 | D:5      | Reached skill level 7 in Stealth
    45 | D:5      | Reached XP level 2. HP: 6/21 MP: 2/2
    45 | D:5      | Reached XP level 3. HP: 8/26 MP: 3/3
    69 | D:5      | Noticed a centaur
   476 | D:5      | Noticed a scorpion
   477 | D:5      | Reached XP level 4. HP: 33/33 MP: 4/4
   494 | D:5      | Killed a scorpion
   608 | D:5      | Found a blossoming altar of Fedhas.
   619 | D:5      | Reached XP level 5. HP: 37/37 MP: 5/5
   873 | D:5      | Found a snail-covered altar of Cheibriados.
  1244 | D:4      | Found Liptuton's Book Boutique.
  1354 | D:4      | Reached skill level 8 in Stealth
  1397 | D:4      | Found Jiov's Weapon Emporium.
  1404 | D:4      | Reached XP level 6. HP: 38/44 MP: 6/6
  1570 | D:4      | Found Impasto's Antique Weapon Boutique.
  1601 | D:4      | Found a shadowy altar of Dithmenos.
  1760 | D:4      | Found a hazy altar of Hepliaklqana.
  1760 | D:4      | Found an iron altar of Okawaru.
  2037 | D:3      | Identified the +5 short sword "Jelly's Death Toll" {venom,
                  | Contam rF+ rN+ Str+5}
  2044 | D:3      | Found a glowing drain.
  2068 | Sewer    | Entered a sewer
  2485 | Sewer    | HP: 1/45 [adder (3)]
  2490 | Sewer    | Reached skill level 5 in Fighting
  3335 | Sewer    | Reached XP level 7. HP: 45/50 MP: 7/7
  3442 | Sewer    | HP: 2/50 [adder (1)]
  3442 | Sewer    | Slain by a bullfrog

Illustrated notes

Levels and vault maps discovered:
D:3:      layout_basic, gup_sewer_entry_glass, reono_crystal_passage
D:4:      minmay_inner_zag, layout_loops_ring, mainiacjoe_overflow_paths,
          gammafunk_temple_overflow_elements, serial_shops, shop,
          nicolae_lakefront_shop, nicolae_shop_stone
D:5:      layout_basic, mainiacjoe_overflow_alcove_2,
          mainiacjoe_overflow_tiny_flanked, serial_bayou_lagoon_b
Sewer:    sewer_minmay_w

Skill      XL: |  1  2  3  4  5  6 |
---------------+-------------------+-----
Stealth        | 7 8 |  8.5
Fighting       | 4 5 |  5.3
Dodging        | 3 4 |  4.8
Short Blades   | |  2.0

Action                   |  1- 3 |  4- 6 |  7- 9 || total
-------------------------+-------+-------+-------++-------
Melee: Short sword       |     6 |   127 |    13 ||   146
       Tentacles         |     2 |    24 |     3 ||    29
       Constrict         |     1 |    30 |     6 ||    37
       Punch             |       |     6 |       ||     6
  Use: Scroll            |       |     2 |     1 ||     3
 Stab: Sleeping          |     1 |    17 |       ||    18
       Distracted        |       |     2 |       ||     2
Armor: Skin              |     1 |    12 |     1 ||    14
Dodge: Dodged            |     2 |    96 |    22 ||   120
